 Dungeon Crawl Stone Soup version 0.19-a0-1905-ge8b2aad (webtiles) character file.

492 Naow the Basher (level 7, -15/114 HPs)
             Began as an Ogre Fighter on Oct 21, 2016.
             Demolished by an ogre
             ... wielding a +0 giant club
              (24 damage)
             ... on level 5 of the Dungeon.
             The game lasted 00:07:44 (3533 turns).

Naow the Basher (Ogre Fighter)                      Turns: 3533, Time: 00:07:44

Health: -15/114    AC:  3    Str: 29      XL:     7   Next: 14%
Magic:  7/7        EV:  8    Int:  7      God:
Gold:   277        SH:  9    Dex:  7 (9)  Spells: 0 memorised, 6 levels left

rFire  . . .     SeeInvis .     a - +0 flail
rCold  . . .     Gourm    .     b - +0 robe
rNeg   . . .     Faith    .     c - +0 shield
rPois  .         Spirit   .     (helmet restricted)
rElec  .         Reflect  .     (no cloak)
rCorr  .         Harm     .     (gloves unavailable)
MR     .....                    (boots unavailable)
Stlth  ..........               (no amulet)
                                (no ring)
                                (no ring)

@: berserking, very quick
A: unfitting armour, tough skin 1
a: no special abilities


You were on level 5 of the Dungeon.
You were not hungry.

You visited 1 branch of the dungeon, and saw 5 of its levels.

You collected 277 gold pieces.

Inventory:

Hand Weapons
 a - a +0 flail (weapon)
 w - a cursed +0 blowgun
Missiles
 x - 8 poisoned needles
Armour
 b - a +0 robe (worn)
 c - a +0 shield (worn)
Wands
 y - a wand of flame (24/48)
 C - a wand of paralysis (10/24)
Scrolls
 e - 4 scrolls of teleportation {unknown}
 g - 3 scrolls of identify {unknown}
 j - a scroll of immolation {unknown}
 n - a scroll of enchant armour {unknown}
 o - a scroll of blinking {unknown}
 p - 2 scrolls of random uselessness {unknown}
 r - 2 scrolls of noise {unknown}
 t - 2 scrolls of enchant weapon {unknown}
 u - 2 scrolls of recharging {unknown}
 v - a scroll of magic mapping {unknown}
 B - a scroll of fog {unknown}
Potions
 d - 2 potions of might
 k - 2 potions of brilliance
 l - 4 potions of degeneration
 m - a potion of flight
 D - a potion of ambrosia
Comestibles
 f - 3 bread rations
 h - a royal jelly
 i - a beef jerky


   Skills:
 + Level 6.8 Fighting
 * Level 8.2 Maces & Flails
 - Level 2.6 Dodging
 - Level 2.6 Shields


You had 6 spell levels left.
You didn't know any spells.

Dungeon Overview and Level Annotations

Branches:
Dungeon (5/15)
 Temple: D:4-7

Altars:
Cheibriados
Fedhas
Kikubaaqudgha
Qazlal
Ru

Shops:
D:4 *

Annotations:
D:4 vogonpoet's ghost, amateur FoFi


Innate Abilities, Weirdness & Mutations

You are too large for most types of armour.
You have tough skin. (AC +1)


Message History

You hit the shadow imp.
The shadow imp is almost dead.
The shadow imp gestures at you. Pain shoots through your body!
* * * LOW HITPOINT WARNING * * *
You hit the shadow imp.
You kill the shadow imp!
There is a stone staircase leading up here.
You see here a frilled lizard corpse.
You see here a scorpion corpse.
There is a stone staircase leading up here.
The ogre hits you with a giant club!
* * * LOW HITPOINT WARNING * * *
You see here a frilled lizard corpse.
It was a potion of berserk rage.
A red film seems to cover your vision as you go berserk!
You feel yourself moving faster!
You feel mighty!
Unknown command.
You barely miss the ogre. The ogre hits you with a giant club!!
You die...

.#
##...########
.# ##.#### ##
#.##.###### #
#.........# #
####.####.# #
#.# #.# # #.#
#.## #
#.####†.# #
#.##.@#'#
#.##O##_#
#.##.####
#<##.#.#
#......#
####...#
#...#
#...#####
#.......#


You could see an ogre.

Vanquished Creatures
  Sigmund (D:2)
  A scorpion (D:5)
  A hound (D:5)
  A bullfrog skeleton (D:5)
  A worker ant (D:5)
  A worker ant zombie (D:5)
  8 adders
  A gnoll (D:4)
  A shadow imp (D:5)
  An ooze (D:1)
  An adder skeleton (D:5)
  4 worms
  A dart slug (D:1)
  4 leopard geckos
  An orc (D:3)
  2 ball pythons
  5 bats
  7 giant cockroaches
  8 goblins
  5 hobgoblins
  5 jackals
  2 quokkas
  9 frilled lizards
  8 kobolds
  A leopard gecko skeleton (D:4)
  A quokka skeleton (D:4)
  4 rats
85 creatures vanquished.

Notes
Turn   | Place    | Note
-------+----------+-------------------------------------------
     0 | D:1      | Naow the Ogre Fighter began the quest for the Orb.
     0 | D:1      | Reached XP level 1. HP: 24/24 MP: 1/1
   104 | D:1      | Reached skill level 3 in Maces & Flails
   104 | D:1      | Reached XP level 2. HP: 16/33 MP: 2/2
   164 | D:1      | Reached skill level 4 in Maces & Flails
   164 | D:1      | Reached XP level 3. HP: 12/40 MP: 3/3
   844 | D:2      | Noticed Sigmund
   861 | D:2      | Killed Sigmund
   861 | D:2      | Reached skill level 5 in Fighting
   861 | D:2      | Reached skill level 6 in Maces & Flails
   861 | D:2      | Reached XP level 4. HP: 18/50 MP: 4/4
   861 | D:2      | Reached XP level 5. HP: 21/58 MP: 5/5
  1163 | D:2      | Found a sacrificial altar of Ru.
  1333 | D:2      | Reached XP level 6. HP: 63/67 MP: 6/6
  1650 | D:3      | Reached skill level 7 in Maces & Flails
  2289 | D:3      | Found a stormy altar of Qazlal.
  2539 | D:4      | Found Bunal's General Store.
  2544 | D:4      | Noticed vogonpoet's ghost (amateur FoFi)
  2789 | D:5      | Entered Level 5 of the Dungeon
  2808 | D:5      | Found a blossoming altar of Fedhas.
  2912 | D:5      | HP: 2/67 [bullfrog skeleton (4)]
  3221 | D:4      | Found an ancient bone altar of Kikubaaqudgha.
  3326 | D:5      | Reached skill level 8 in Maces & Flails
  3398 | D:5      | Found a snail-covered altar of Cheibriados.
  3439 | D:5      | Reached XP level 7. HP: 64/76 MP: 7/7
  3533 | D:5      | Demolished by an ogre

Vault maps used:
D:1:      roderic_chinese_lattice_arrival, kennysheep_nondescript,
          minmay_tree_intersection, minmay_misc_feat_tower
D:2:      lemuel_coloured_pillars_altar, first_bread, uniq_sigmund
D:3:      nicolae_overflow_hidden_temple
D:4:      overflow_temple_1_default, serial_shops, shop, grunt_tough_drop
D:5:      lemuel_round_altar, kennysheep_mini, st_stairs_4

Skill      XL: |  1  2  3  4  5  6 |
---------------+-------------------+-----
Maces & Flails | 3 4 6 8 |  8.2
Fighting       | 5 6 |  6.8
Dodging        | |  2.6
Shields        | |  2.6

Action                   |  1- 3 |  4- 6 |  7- 9 || total
-------------------------+-------+-------+-------++-------
Melee: Flail             |   105 |   175 |    16 ||   296
  Use: Potion            |     1 |     6 |     1 ||     8
  Eat: Chunk             |       |     9 |       ||     9
Armor: Robe              |    23 |    44 |     5 ||    72
Dodge: Dodged            |    37 |    55 |     5 ||    97
Block: Shield            |    44 |    76 |     6 ||   126
